 Dungeon Crawl Stone Soup version 0.31-a0-175-g9f7f995f2b (webtiles) character file.

Game seed: 8879089865834557569

9220 sizableburger the Skirmisher (level 11, -2/77 HPs)
             Began as a Human Hunter on June 17, 2023.
             Was an Elder of Dithmenos.
             Constricted to death by an anaconda simulacrum (3 damage)
             ... in an ice cave on June 28, 2023.
             The game lasted 00:34:49 (11911 turns).

sizableburger the Skirmisher (Human Hunter)        Turns: 11911, Time: 00:34:50

Health: -2/77      AC:  7    Str: 11    XL:     11   Next: 70%
Magic:  13/13      EV: 13    Int: 10    God:    Dithmenos [****..]
Gold:   302        SH:  0    Dex: 21    Spells: 10/13 levels left

rFire   . . .        c - +6 longbow
rCold   . . .        (shield currently unavailable)
rNeg    . . .        d - +0 steam dragon scales
rPois   .            (no helmet)
rElec   .            j - +0 cloak
rCorr   .            A - +0 pair of gloves
SInv    .            (no boots)
Will    .....        y - amulet of the acrobat
Stlth   +++          m - +4 ring of slaying
HPRegen 0.32/turn    (no ring)
MPRegen 0.13/turn

%: acrobat
@: wreathed by umbra, constricted
A: no striking features
a: Renounce Religion, Shadow Step


You were in an ice cave.
You worshipped Dithmenos.
Dithmenos was greatly pleased with you.
You visited 1 branch of the dungeon, and saw 11 of its levels.
You also visited: Ossuary and Ice Cave.

You collected 704 gold pieces.
You spent 402 gold pieces at shops.

Inventory:

Hand Weapons
 c - a +6 longbow (weapon)
 g - a +2 dagger of venom
 s - the +7 quarterstaff of the Freezing Gods {flame, Int+3}
   (You found it on level 7 of the Dungeon)

   Int:       It affects your intelligence (+3).
Missiles
 B - a curare-tipped dart
Armour
 d - +0 steam dragon scales (worn)
 j - a +0 cloak (worn)
 A - a +0 pair of gloves (worn)
Jewellery
 m - a +4 ring of slaying (left hand)
 p - a ring of ice
 y - an amulet of the acrobat (around neck)
 E - a ring of ice
Wands
 t - a wand of flame (23)
 w - a wand of iceblast (4)
 C - a wand of charming (7)
Scrolls
 a - 3 scrolls of identify
 b - 2 scrolls of butterflies
 e - a scroll of fear
 f - 10 scrolls of teleportation
 h - a scroll of torment
 v - 4 scrolls of poison
 x - a scroll of fog
Potions
 i - 2 potions of brilliance
 k - a potion of invisibility
 l - 7 potions of curing
 n - a potion of attraction
 o - 2 potions of lignification
 q - 3 potions of haste
 r - a potion of cancellation
 u - 3 potions of berserk rage
 z - 2 potions of resistance


   Skills:
 - Level 4.0 Fighting
 + Level 14.6 Ranged Weapons
 - Level 3.0 Armour
 + Level 6.1 Dodging
 - Level 1.0 Stealth
 - Level 1.6 Spellcasting
 + Level 3.7 Hexes
 + Level 3.7 Fire Magic
 - Level 3.4 Invocations


You had 10 spell levels left.
You knew the following spells:

 Your Spells              Type           Power      Damage    Failure   Level
a - Inner Flame           Hex/Fire       8%         N/A       21%         3

Your spell library contained the following spells:

 Spells                   Type           Power      Damage    Failure   Level
 Tukima's Dance           Hex            8%         N/A       21%         3
 Portal Projectile        Hex/Tloc       8%         N/A       41%         3
 Cigotuvi's Dreadful Rot  Necr/Pois/Air  0%         N/A       45%         2
 Lesser Beckoning         Tloc           0%         N/A       45%         2
 Ignite Poison            Fire/Tmut/Pois 3%         N/A       52%         3
 Gell's Gravitas          Tloc           0%         N/A       69%         3
 Teleport Other           Tloc           0%         N/A       69%         3
 Flame Wave               Conj/Fire      4%         2d5       83%         4
 Sticky Flame             Conj/Fire      4%         2d3       83%         4
 Dispel Undead            Necr           0%         3d6       97%         4
 Blade Hands              Tmut           0%         N/A       100%        5
 Death Channel            Necr           0%         N/A       100%        6
 Ignition                 Fire           4%         3d4       100%        8


Dungeon Overview and Level Annotations

Branches:
Dungeon (11/15)            Temple (0/1) D:4            Lair (0/5) D:8
Ossuary (visited)           IceCv (1/1)
    Orc: D:9-12

Altars:
Ashenzari
Dithmenos
Elyvilon
Gozag
Uskayaw
Xom
Yredelemnul

Shops:
D:1 =   D:7 :***((   D:10 ***

Annotations:
D:7 3 runed translucent doors, rinse's ghost, novice KoDe
D:8 3 transporters IceCv exclusion: 2 ice statues


Message History

Unknown command.
Aiming: Throw Flame
Press: ? - help, Shift-Dir - straight line, f/p - anaconda simulacrum
Aim: an anaconda simulacrum (moderately damaged, umbra, 64% to hit)
The puff of flame hits the anaconda simulacrum.
The anaconda simulacrum melts!
The anaconda simulacrum is heavily damaged.
Unknown command.
Aiming: Throw Flame
Press: ? - help, Shift-Dir - straight line, f/p - anaconda simulacrum
Aim: an anaconda simulacrum (heavily damaged, umbra, 64% to hit)
The puff of flame hits the anaconda simulacrum!
The anaconda simulacrum melts!
The anaconda simulacrum is severely damaged.
The anaconda simulacrum grabs you. The anaconda simulacrum misses you.
The anaconda simulacrum constricts you.
Aiming: Throw Flame
Press: ? - help, Shift-Dir - straight line, f/p - anaconda simulacrum
Aim: an anaconda simulacrum (severely damaged, constricting you, umbra, 64% to hit)
The puff of flame misses the anaconda simulacrum.
The anaconda simulacrum barely misses you.
The anaconda simulacrum constricts you. The anaconda simulacrum bites you.
The anaconda simulacrum freezes you! The anaconda simulacrum constricts you.
Aiming: Throw Flame
Press: ? - help, Shift-Dir - straight line, f/p - anaconda simulacrum
Aim: an anaconda simulacrum (severely damaged, constricting you, umbra, 64% to hit)
The puff of flame misses the anaconda simulacrum.
The anaconda simulacrum bites you but does no damage.
The anaconda simulacrum constricts you.
Unknown command.
Aiming: Throw Flame
Press: ? - help, Shift-Dir - straight line, f/p - anaconda simulacrum
Aim: an anaconda simulacrum (severely damaged, constricting you, umbra, 64% to hit)
The puff of flame hits the anaconda simulacrum.
The anaconda simulacrum melts!
The anaconda simulacrum is almost destroyed.
The anaconda simulacrum bites you. The anaconda simulacrum freezes you!!
* * * LOW HITPOINT WARNING * * *
You emit a cloud of dark smoke.
The anaconda simulacrum constricts you.
You die...

##..........#...
#...............
#............#
#........○.#
#8#....#8###
##..####
##...##≈##
##§Z#.≈≈≈.#
#§@##≈≈≈#....
#§§§##### ..
##...## ##...#
##...# #...##
##...##
##.....##
#...∩...#


You could see an anaconda simulacrum.

Vanquished Creatures
  Erica (D:8)
  A two-headed ogre (D:9)
  An anaconda simulacrum (IceCv)
  An unseen horror zombie (D:10)
  An ice devil (IceCv)
  A troll (D:10)
  Prince Ribbit (D:8)
  Grinder (D:3)
  A hornet (D:7)
  2 slime creatures (D:7)
  A wraith (D:10)
  3 wyverns (D:8)
  Eustachio (D:5)
  2 steam dragons
  2 acid dragons
  2 water moccasins
  4 orc warriors
  2 ice beasts
  A black bear (D:5)
  A sky beast (D:6)
  2 ogres (D:6)
  4 centaurs
  2 kobold brigands
  4 bullfrogs
  Blork the orc (D:5)
  3 scorpions (D:6)
  A gnoll sergeant (D:8)
  2 water moccasin zombies (Ossuary)
  4 wights
  18 killer bees
  An electric eel (D:7)
  12 howler monkeys
  A lava snake (D:7)
  A bullfrog zombie (Ossuary)
  2 centaur zombies (Ossuary)
  2 hounds
  3 orc priests
  4 jellies
  4 iguanas
  10 orc wizards
  A scorpion zombie (Ossuary)
  A killer bee zombie (D:9)
  A wolf simulacrum (IceCv)
  An ogre zombie (Ossuary)
  A mummy (Ossuary)
  11 gnolls
  4 adders
  3 naga simulacra (IceCv)
  2 shadow imps
  14 white imps
  2 ufetubi
  7 adder zombies (Ossuary)
  3 dart slugs
  31 orcs
  6 ball pythons
  5 bats
  6 endoplasms
  2 giant cockroaches
  5 gnoll zombies (Ossuary)
  4 goblins
  4 hobgoblins (D:1)
  2 jackals (D:1)
  11 kobolds
  3 quokkas
  2 frilled lizards
  A goblin zombie (Ossuary)
  2 hobgoblin zombies (Ossuary)
  4 orc zombies (Ossuary)
  6 rats
256 creatures vanquished.

Notes
Turn   | Place    | Note
-------+----------+-------------------------------------------
     0 | D:1      | sizableburger the Human Hunter began the quest for the Orb.
     0 | D:1      | Reached XP level 1. HP: 16/16 MP: 1/1
   285 | D:1      | Reached XP level 2. HP: 22/22 MP: 2/2
   300 | D:1      | Found Mepil's Jewellery Shop.
   534 | D:1      | Reached XP level 3. HP: 26/28 MP: 3/3
  1409 | D:2      | Reached XP level 4. HP: 29/35 MP: 4/4
  1711 | D:3      | Found a shadowy altar of Dithmenos.
  1878 | D:3      | You fall into a shaft and drop 1 floor!
  1994 | D:3      | Reached skill level 5 in Ranged Weapons
  2008 | D:3      | Became a worshipper of Dithmenos the Shadowed
  2050 | D:3      | Found a broken altar of Ashenzari.
  2109 | D:3      | Noticed Grinder
  2218 | D:4      | Found a staircase to the Ecumenical Temple.
  2229 | D:4      | Reached XP level 5. HP: 22/41 MP: 5/5
  2481 | D:4      | Found a shimmering altar of Xom.
  2481 | D:4      | Found a shimmering altar of Xom.
  2482 | D:4      | Found a shimmering altar of Xom.
  2483 | D:4      | Found a shimmering altar of Xom.
  2484 | D:4      | Found a shimmering altar of Xom.
  2488 | D:4      | Found a shimmering altar of Xom.
  3445 | D:3      | Paralysed by Grinder for 3 turns
  3462 | D:3      | Killed Grinder
  3463 | D:3      | Reached skill level 7 in Ranged Weapons
  3463 | D:3      | Reached XP level 6. HP: 48/48 MP: 6/6
  3463 | D:3      | Reached XP level 7. HP: 54/54 MP: 7/7
  3474 | D:3      | Found a hide-covered altar of Uskayaw.
  3727 | D:3      | Reached * piety under Dithmenos
  3768 | D:5      | Entered Level 5 of the Dungeon
  3810 | D:5      | Reached skill level 1 in Invocations
  3975 | D:5      | Noticed Eustachio
  3988 | D:5      | Killed Eustachio
  3989 | D:5      | Reached XP level 8. HP: 60/60 MP: 8/10
  4018 | D:5      | Noticed Blork the orc
  4028 | D:5      | Killed Blork the orc
  4029 | D:5      | Reached skill level 8 in Ranged Weapons
  4353 | D:6      | Found a white marble altar of Elyvilon.
  4624 | D:6      | Reached skill level 9 in Ranged Weapons
  4751 | D:6      | Reached XP level 9. HP: 59/65 MP: 11/11
  5167 | D:6      | Reached skill level 10 in Ranged Weapons
  5844 | D:7      | Found Lozacas's Weapon Boutique.
  5886 | D:7      | Found an opulent altar of Gozag.
  5892 | D:7      | Reached skill level 11 in Ranged Weapons
  5918 | D:7      | Found Vamekh's Assorted Antiques.
  5924 | D:7      | Reached skill level 1 in Armour
  6123 | D:7      | Found Ijyejod's General Store.
  6398 | D:7      | Found Iluferuc's Assorted Antiques.
  6511 | D:7      | Noticed a hornet
  6520 | D:7      | Killed a hornet
  6520 | D:7      | Reached ** piety under Dithmenos
  6521 | D:7      | Reached XP level 10. HP: 63/71 MP: 12/12
  6535 | D:7      | Reached skill level 12 in Ranged Weapons
  6722 | D:7      | Found Luzxiz's Tiny Tomes.
  6730 | D:7      | Found a runed translucent gate.
  6731 | D:7      | Found a runed translucent gate.
  6732 | D:7      | Found a runed translucent gate.
  6734 | D:7      | Noticed rinse's ghost (novice KoDe)
  6982 | D:7      | Found Lext's Antique Weapon Boutique.
  7178 | D:7      | Identified the +7 quarterstaff of the Freezing Gods {flame,
                  | Int+3}
  7333 | D:8      | Reached skill level 13 in Ranged Weapons
  7410 | D:8      | Found a transporter.
  7506 | D:8      | Found a transporter.
  7570 | D:8      | Noticed Prince Ribbit
  7595 | D:8      | Killed Prince Ribbit
  7647 | D:8      | Found a sand-covered staircase.
  7651 | Ossuary  | Entered an ossuary
  7800 | Ossuary  | Reached *** piety under Dithmenos
  8187 | D:7      | Bought a +5 longbow for 402 gold pieces
  8282 | D:8      | Reached skill level 14 in Ranged Weapons
  8283 | D:8      | Found a staircase to the Lair.
  8311 | D:8      | Learned a level 3 spell: Inner Flame
  8329 | D:8      | Noticed Erica
  8332 | D:8      | Killed Erica
  8333 | D:8      | Reached skill level 1 in Spellcasting
  8333 | D:8      | Reached XP level 11. HP: 77/77 MP: 13/13
  8553 | D:8      | Found a transporter.
  8771 | D:8      | Reached skill level 1 in Hexes
  8772 | D:8      | Reached skill level 1 in Fire Magic
  8849 | D:9      | Noticed a two-headed ogre
  8859 | D:9      | Killed a two-headed ogre
  8860 | D:9      | Reached skill level 5 in Dodging
  9001 | D:9      | Reached **** piety under Dithmenos
  9435 | D:9      | Found a basalt altar of Yredelemnul.
  9668 | D:10     | Entered Level 10 of the Dungeon
 10140 | D:10     | Found Naxaorox's General Store.
 10142 | D:10     | Found Fiuth's Specific Store.
 10513 | D:10     | Found Geniafal's Fire Supplies.
 10950 | D:11     | Noticed a two-headed ogre
 10950 | D:11     | Noticed a cyclops
 10988 | D:11     | Found a frozen archway.
 11118 | IceCv    | Entered an ice cave
 11911 | IceCv    | HP: 1/77 [anaconda simulacrum (31)]
 11911 | IceCv    | Constricted to death by an anaconda simulacrum

Illustrated notes

Levels and vault maps discovered:
D:1:      dpeg_arrival_rooms_b, layout_loops_corners, serial_shops,
          nicolae_shop_pleasant_corner_grove
D:2:      layout_basic, serial_glass, glass_columns_b, glass_columns_a
D:3:      layout_rooms, mainiacjoe_overflow_24_doors,
          mainiacjoe_overflow_catwalk, nicolae_ashenzari_panopticon,
          kennysheep_generic_room_12, uniq_grinder
D:4:      layout_layer_cave, xom_redecorated, minmay_temple_entry_hall
D:5:      layout_basic, grunt_decor_mini_mirrors,
          chequers_serial_rivers_micro_a, hangedman_decor_push,
          nicolae_figureground_sparkle, uniq_blork_the_orc, uniq_eustachio
D:6:      layout_basic, mainiacjoe_overflow_alcove_1
D:7:      minmay_chambers_of_sixes, layout_basic, nicolae_gozag_seed_capital,
          serial_shops, nicolae_shop_tiny_statue_garden, shop, shop, shop,
          nicolae_shop_window_shopping, ebering_ghost_rock_garden,
          amcnicky_mini_pool_small, nicolae_shop_i_like_small_books_too,
          nicolae_lava_and_water, chequers_big_river, kennysheep_generic_room_13
D:8:      layout_loops_cross, lair_entry_dummy, nicolae_ossuary_entry_plus,
          nicolae_diode_intersection, uniq_prince_ribbit1, uniq_erica
D:9:      layout_loops_ring, lemuel_zombie_altar_yredelemnul
D:10:     cheibrodos_iron_armory, layout_small_grid, nicolae_specific_store,
          dreamdust_wishing_well, nrook_mini_vaults, eino_curves_04,
          nicolae_shop_fire_sale [nicolae_sub_dead_trees]
D:11:     layout_basic, portal_ice_cave_entry_imps
IceCv:    ice_cave_small_demon

Skill      XL: |  1  2  3  4  5  6  7  8  9 10 11 |
---------------+----------------------------------+-----
Fighting       | 3 4 |  4.0
Ranged Weapons | 5 7 9 11 14 | 14.6
Invocations    | 3 |  3.4
Dodging        | 4 6 |  6.1
Armour         | 3 |  3.0
Spellcasting   | 1 |  1.6
Hexes          | 3 |  3.7
Fire Magic     | 3 |  3.7
Stealth        | |  1.0

Action                     |  1- 3 |  4- 6 |  7- 9 | 10-12 || total
---------------------------+-------+-------+-------+-------++-------
  Melee: Dagger            |       |    20 |    17 |     7 ||    44
         Punch             |       |       |     1 |       ||     1
   Fire: Shortbow          |    93 |    77 |   211 |   167 ||   548
         Longbow           |       |       |       |   176 ||   176
   Cast: Inner Flame       |       |       |       |     5 ||     5
  Evoke: Wand              |       |     3 |     1 |    12 ||    16
    Use: Scroll            |       |     5 |    10 |    10 ||    25
         Potion            |       |     1 |     1 |     3 ||     5
   Stab: Sleeping          |       |     1 |       |       ||     1
 Armour: Leather armour    |    13 |     8 |    11 |    12 ||    44
         Steam dragon scal |       |       |       |     8 ||     8
  Dodge: Dodged            |    34 |    32 |    60 |   143 ||   269

Table legend: (Time is in decaauts)
 A = Elapsed time spent in this place.
 B = Non-inter-level travel time spent in this place.
 C = Inter-level travel time spent in this place.
 D = Time resting spent in this place.
 E = Time spent auto-exploring this place.
 F = Levels seen in this place.
 G = Mean time per level.
                   A        B        C        D        E       F      G
               +--------+--------+--------+--------+--------+-----+--------+
         Total |  11943 |  11394 |    549 |   2389 |   7229 |  13 |  918.7 |
       Dungeon |  10863 |  10314 |    549 |   1582 |   7160 |  11 |  987.5 |
       Ossuary |    286 |    286 |      0 |    102 |     63 |   1 |  286.0 |
      Ice Cave |    794 |    794 |      0 |    705 |      6 |   1 |  794.0 |
               +--------+--------+--------+--------+--------+-----+--------+

Top non-repeatable levels by time:
     D:7: 1551 daAuts
     D:6: 1416 daAuts
     D:4: 1323 daAuts
     D:8: 1160 daAuts
    D:10: 1083 daAuts
     D:9: 1021 daAuts
     D:1: 971 daAuts
     D:2: 942 daAuts
   IceCv: 794 daAuts
     D:5: 636 daAuts
     D:3: 563 daAuts
 Ossuary: 286 daAuts
    D:11: 192 daAuts
